 Dungeon Crawl Stone Soup version 0.29.1-12-g30fa7ad0bf (webtiles) character file.

Game seed: 2592648236172667589

44 thebiglcd the Slasher (level 3, 0/30 HPs)
             Began as a Barachi Chaos Knight on Jan 14, 2023.
             Was a Plaything of Xom.
             Slain by an ufetubus (4 damage)
             ... summoned by Xom
             ... on level 2 of the Dungeon.
             The game lasted 00:04:45 (1278 turns).

thebiglcd the Slasher (Barachi Chaos Knight)        Turns: 1278, Time: 00:04:47

Health: 0/30       AC:  6    Str: 13    XL:     3   Next: 62%
Magic:  3/3        EV: 11    Int: 12    God:    Xom [.*....]
Gold:   22         SH:  0    Dex: 13    Spells: 2/2 levels left

rFire   . . .      SeeInvis .   a - +0 falchion (chaos)
rCold   . . .      Faith    .   (no shield)
rNeg    . . .      Spirit   .   b - +2 leather armour
rPois   .          Reflect  .   (no helmet)
rElec   .          Harm     .   (no cloak)
rCorr   .          Rampage  .   (no gloves)
Will    .....                   i - +0 pair of boots
Stlth   +.........              (no amulet)
HPRegen 0.10/turn               (no ring)
MPRegen 0.08/turn               (no ring)

@: slow
A: amphibious, slowness 1, strong legs 1, +LOS
a: Hop, Renounce Religion


You were on level 2 of the Dungeon.
You worshipped Xom.
You were a plaything of Xom.
You visited 1 branch of the dungeon, and saw 2 of its levels.

You collected 22 gold pieces.

Inventory:

Hand Weapons
 a - a +0 falchion of chaos (weapon)
Armour
 b - a +2 leather armour (worn)
 i - a +0 pair of boots (worn)
Scrolls
 d - a scroll of identify {unknown}
 e - a scroll of immolation {unknown}
 f - 2 scrolls of teleportation {unknown}
 j - a scroll of enchant weapon {unknown}
Potions
 g - a potion of mutation {unknown}
 h - 2 potions of cancellation {unknown}
Miscellaneous
 c - a piece from Xom's chessboard (15/15) (quivered)


   Skills:
 - Level 3.7 Fighting
 + Level 5.2 Long Blades
 - Level 2.6 Armour
 - Level 1.2 Dodging


You had 2 spell levels left.
You didn't know any spells.
Your spell library was empty.

Dungeon Overview and Level Annotations

Branches:
Dungeon (2/15)

Altars:

Shops:
D:1 ?


Innate Abilities, Weirdness & Mutations

You are amphibious.
You cover ground slowly.
You can hop short distances.
You have an extended range of vision and can be seen from far away.


Message History

The bat barely misses you. The bat hits you but does no damage.
You closely miss the bat. The bat hits you but does no damage.
The bat closely misses you. x2
You barely miss the bat.
You hear Xom's maniacal laughter.
The bat closely misses you. x2
The bat misses you. The ufetubus closely misses you. The ufetubus hits you.
You closely miss the ufetubus. The bat closely misses you.
The ufetubus hits you. The ufetubus closely misses you.
The ufetubus hits you but does no damage.
The ufetubus barely misses you. The white imp closely misses you.
You hit the ufetubus but do no damage. The bat closely misses you.
The ufetubus barely misses you. The ufetubus misses you.
The white imp hits you but does no damage.
The ufetubus closely misses you. The ufetubus misses you.
You closely miss the ufetubus. The bat closely misses you.
The ufetubus hits you but does no damage. x2
The white imp hits you. The white imp freezes you.
The bat hits you but does no damage.
You hit the ufetubus but do no damage.
The ufetubus flickers and vanishes!
Deactivating autopickup; reactivate with Ctrl-A.
The bat hits you but does no damage.
Something hits you but does no damage. x2
The white imp hits you but does no damage.
Something hits you but does no damage. x2
You closely miss the white imp. The bat hits you but does no damage.
Something hits you. Something hits you but does no damage.
The white imp barely misses you.
You closely miss the white imp. The bat hits you but does no damage.
Something hits you. x2
The white imp hits you but does no damage.
Something hits you. Something hits you but does no damage.
You are too injured to fight recklessly!
You are too injured to fight recklessly!
The bat misses you. The white imp gestures at you. The puff of frost hits you!
* * * LOW HITPOINT WARNING * * *
Something hits you.
You die... "I guess I need a new plaything now."

#### ############
####...### ....##.....#
#........#
###.##.....####{@b.....##
#........................
....##.....##...5......##
#.####.....#...........#
#.# ########...##...###
#.##### ##.## ####
#.....# #.# #..##.# #.#
#..##.# #+#


You could see a white imp (summoned) and a bat.

Vanquished Creatures
  2 adders (D:2)
  2 worms (D:2)
  A dart slug (D:2)
  3 endoplasms
  A hobgoblin (D:1)
  3 kobolds (D:1)
  A quokka (D:2)
  5 ball pythons
  2 rats
20 creatures vanquished.

Notes
Turn   | Place    | Note
-------+----------+-------------------------------------------
     0 | D:1      | thebiglcd the Barachi Chaos Knight began the quest for the
                  | Orb.
     0 | D:1      | Reached XP level 1. HP: 18/18 MP: 1/1
    18 | D:1      | XOM: silly message
   357 | D:1      | Found Kaboos's Magic Scroll Emporium.
   391 | D:1      | Reached XP level 2. HP: 24/25 MP: 2/2
   724 | D:1      | Reached skill level 4 in Long Blades
   888 | D:2      | XOM: butterfly on damage
   971 | D:2      | Reached XP level 3. HP: 28/30 MP: 3/3
  1084 | D:2      | XOM: god gift: pair of boots {god gift}
  1130 | D:2      | Found a faded altar of an unknown god.
  1142 | D:2      | Reached skill level 5 in Long Blades
  1148 | D:2      | XOM: 1-stop teleportation journey
  1270 | D:2      | XOM: summons 2 hostile demons
  1278 | D:2      | Slain by an ufetubus

Illustrated notes

Levels and vault maps discovered:
D:1:      kennysheep_arrival_forest, layout_basic, serial_shops, shop
D:2:      layout_loops_corners, ebering_ecumenical_altar_rust, uniq_terence

Skill      XL: |  1  2  3 |
---------------+----------+-----
Long Blades    | 4 5 |  5.2
Fighting       | |  3.7
Armour         | |  2.6
Dodging        | |  1.2

Action                   || total
-------------------------++-------
Melee: Falchion          ||    61
       Punch             ||     1
Evoke: Piece from Xom's  ||     1
 Stab: Sleeping          ||     2
Armor: Leather armour    ||    35
Dodge: Dodged            ||    46
